 Dungeon Crawl Stone Soup version 0.27-a0-1051-g288ea87c7c (webtiles) character file.

Game seed: 7547960523360989426

0 spiderkeys the Skirmisher (level 1, -11/19 HPs)
             Began as a Hill Orc Abyssal Knight on Apr 20, 2021.
             Was a Follower of Lugonu.
             Killed from afar by a smoke demon (19 damage)
             ... with a ball of steam
             ... on level 2 of the Abyss.
             The game lasted 00:00:36 (112 turns).

spiderkeys the Skirmisher (Hill Orc Abyssal Knight)  Turns: 112, Time: 00:00:37

Health: -11/19     AC:  3    Str: 14    XL:     1   Next: 0%
Magic:  2/2        EV: 11    Int: 12    God:    Lugonu [*.....]
Gold:   0          SH:  0    Dex: 10    Spells: 0/0 levels left

rFire    . . .     SeeInvis .   a - +1 hand axe
rCold    . . .     Faith    .   (no shield)
rNeg     . . .     Spirit   .   b - +0 leather armour
rPois    .         Reflect  .   (no helmet)
rElec    .         Harm     .   (no cloak)
rCorr    .         Rampage  .   (no gloves)
Will     .....                  (no boots)
Stlth    +.........             (no amulet)
HPRegen  0.06/turn              (no ring)
MPRegen  0.08/turn              (no ring)

@: no status effects
A: no striking features
a: Renounce Religion, Depart the Abyss


You were on level 2 of the Abyss.
You worshipped Lugonu.
Lugonu was aware of your devotion.
You visited 0 branches of the dungeon, and saw 0 of its levels.
You visited the Abyss 1 time.


   Skills:
 + Level 3.6 Fighting
 + Level 2.6 Axes
 + Level 2.1 Armour
 + Level 0.7 Dodging
 + Level 2.4 Invocations


You couldn't memorise any spells.
You didn't know any spells.
Your spell library was empty.

Inventory:

Hand Weapons
 a - a +1 hand axe (weapon)
Armour
 b - a +0 leather armour (worn)
 c - a +0 chain mail
   (You found it on level 2 of the Abyss)

Dungeon Overview and Level Annotations

Branches:
Dungeon (0/15)

Altars:

..#.#.#.##..#.####.#
#....###....... ...#
......... #..X.##.#
≈ ## .#....#...## ≈≈
#... ....#.##.# ##
≈≈≈ . #.
..###.3###.##≈≈≈≈ .
#####.
#..#§.#..≈≈≈≈≈ # #
.#..#..§..≈≈≈♣ .#
..#.....@.#≈≈.≈ #
....#.##.#...# .≈
### ##....#### #....
##... .###. #. #


There were no monsters in sight!


Message History

🤖 Initializing magus.rc ... ✅ Successfully initialized magus.rc [v1.9.10] Welcome, spiderkeys the Hill Orc Abyssal Knight.
The bosom of this dungeon contains the awesome artefact, the Orb of Zot.
Lugonu says: Depart the Abyss and spread corruption, my servant! (use the ability menu to exit the Abyss) Press ? for a list of commands and other information.
Found a corrupted altar of Lugonu.
Found a corrupted altar of Lugonu.
Found a gateway leading deeper into the Abyss.
There is a gateway leading deeper into the Abyss here.
There is a gateway leading deeper into the Abyss here.
You plunge deeper into the Abyss.
c - a scroll labelled QUDETI RYWNU
As you read the scroll labelled QUDETI RYWNU, it crumbles to dust.
You feel strangely unstable.
You feel the power of the Abyss delaying your translocation!
It was a scroll of teleportation.
You see here a +0 chain mail.
c - a +0 chain mail You are suddenly pulled into a different region of the Abyss!
A tentacled starspawn comes into view.
Tentacles burst from the starspawn's body! 2 starspawn tentacles come into view.
The starspawn tentacle barely misses you.
The starspawn tentacle grabs you.
The starspawn tentacle constricts you. 😕 HP[-3]
You take 3 damage, and now have 16/19 hp.
You escape the starspawn tentacle's grasp. 😕 HP[+1]
A tentacle flies out from the starspawn's body!
A starspawn tentacle comes into view.
The starspawn tentacle closely misses you.
A starspawn tentacle comes into view.
The starspawn tentacle grabs you.
The starspawn tentacle constricts you. 😕 HP[-2]
You take 2 damage, and now have 15/19 hp.
You escape the starspawn tentacle's grasp.
A smoke demon comes into view.
The smoke demon gestures at you. The sticky flame hits you.
You are covered in liquid flames! 😮 HP[-4]
You take 4 damage, and now have 11/19 hp.
MASSIVE DAMAGE!! (PAUSE)
You are covered in liquid flames!
* * * LOW HITPOINT WARNING * * *
😨 HP[-3]
You take 3 damage, and now have 8/19 hp.
The smoke demon gestures at you. The ball of steam hits you!!
Ouch! That really hurt!
You die...

Action                   || total
-------------------------++-------
  Use: Scroll            ||     1
Dodge: Dodged            ||     2

Levels and vault maps discovered:
Abyss:2:  base:
Temple

Notes
Turn   | Place    | Note
-------+----------+-------------------------------------------
     0 | Abyss:1  | spiderkeys the Hill Orc Abyssal Knight began the quest for
                  | the Orb.
     0 | Abyss:1  | Reached XP level 1. HP: 19/19 MP: 2/2
     0 | Abyss:1  | magus.rc [v1.9.10]
     1 | Abyss:1  | Found a corrupted altar of Lugonu.
    94 | Abyss:2  | Noticed a tentacled starspawn
   107 | Abyss:2  | Noticed a smoke demon
   112 | Abyss:2  | Killed from afar by a smoke demon

Vanquished Creatures (others)
  4 starspawn tentacles (Abyss:2)
4 creatures vanquished.

Table legend:
 A = Non-vault XP
 B = Vault XP
 C = Vault XP percentage of total XP
 D = Non-vault monster count
 E = Vault monster count
 F = Vault count percentage of total count
                 A         B        C        D         E       F
            +---------+---------+-------+---------+---------+-------
      Total |       0 |       0 |   N/A |       0 |       0 |  -nan
            +---------+---------+-------+---------+---------+-------
            +---------+---------+-------+---------+---------+-------

Illustrated notes

Table legend: (Time is in decaauts)
 A = Elapsed time spent in this place.
 B = Non-inter-level travel time spent in this place.
 C = Inter-level travel time spent in this place.
 D = Time resting spent in this place.
 E = Time spent auto-exploring this place.
 F = Levels seen in this place.
 G = Mean time per level.
                   A        B        C        D        E       F      G
               +--------+--------+--------+--------+--------+-----+--------+
         Total |    111 |    111 |      0 |      0 |     23 |   2 |   55.5 |
         Abyss |    111 |    111 |      0 |      0 |     23 |   2 |   55.5 |
               +--------+--------+--------+--------+--------+-----+--------+

Top non-repeatable levels by time:
 Abyss:2: 57 daAuts
 Abyss:1: 54 daAuts
